 Dungeon Crawl Stone Soup version 0.17.0-57-g0e89251 (webtiles) character file.

1306 Bolverk the Cudgeler (level 8, -4/79 HPs)
             Began as a Troll Berserker on Dec 8, 2015.
             Was a Priest of Trog.
             Slain by an ogre
             ... wielding a +0 giant club
              (19 damage)
             ... on level 7 of the Dungeon.
             The game lasted 00:10:10 (5314 turns).

Bolverk the Cudgeler (Troll Berserker)              Turns: 5314, Time: 00:10:10

Health: -4/79      AC:  5    Str: 26      XL:     8   Next: 32%
Magic:  16/16      EV: 10    Int:  5      God:    Trog [***...]
Gold:   235        SH:  0    Dex:  6 (9)  Spells: 0 memorised, 7 levels left

rFire  . . .     SeeInvis .     a - +0 flail
rCold  . . .     Clarity  .     s - +0 animal skin
rNeg   . . .     SustAt   .     (no shield)
rPois  +         Gourm    +     (helmet restricted)
rElec  .         Spirit   .     (no cloak)
rCorr  .         Warding  .     (gloves unavailable)
rMut   .         Stasis   .     (boots unavailable)
MR     +....                    (no amulet)
Stlth  +.........               B - ring of flight
                                n - ring of magical power

@: somewhat resistant to hostile enchantments, very unstealthy
A: unfitting armour, claws 3, fast metabolism 3, gourmand, magic resistance 1,
poison resistance, regeneration 2, shaggy fur 1, tough skin 2, evolution 1
a: Berserk, Trog's Hand, Burn Spellbooks, Renounce Religion, Evoke Flight


You were on level 7 of the Dungeon.
You worshipped Trog.
Trog was most pleased with you.
You were completely stuffed.

You visited 1 branch of the dungeon, and saw 7 of its levels.

You collected 319 gold pieces.
You spent 84 gold pieces at shops.

Inventory:

Hand Weapons
 a - a +0 flail (weapon)
 b - a +0 blowgun
Missiles
 i - 54 stones (quivered)
 k - 7 curare-tipped needles
 l - a throwing net
 r - 43 poisoned needles
 z - 7 needles of confusion
Armour
 s - a +0 animal skin (worn)
Jewellery
 n - a ring of magical power (left claw)
 B - a ring of flight (right claw)
Wands
 u - a wand of slowing (17)
Scrolls
 g - a scroll of teleportation
 h - 4 scrolls of remove curse
 j - 2 scrolls of magic mapping
 m - 3 scrolls of recharging
 p - 4 scrolls of fog
 q - a scroll of enchant armour
 x - a scroll of enchant weapon {unknown}
 A - a scroll of brand weapon {unknown}
Potions
 d - 3 potions of agility
 e - a potion of lignification {unknown}
 o - a potion of degeneration {unknown}
 t - a potion of ambrosia {unknown}
 v - a potion of resistance {unknown}
 C - a potion of brilliance {unknown}
 D - a potion of haste {unknown}
Comestibles
 c - 5 bread rations
 f - 5 meat rations
 E - 2 chunks of flesh


   Skills:
 + Level 4.4 Fighting
 * Level 6.3 Maces & Flails
 + Level 1.0 Throwing
 + Level 5.9 Dodging


You had 7 spell levels left.
You didn't know any spells.

Dungeon Overview and Level Annotations

Branches:
Dungeon (7/15)
 Temple: D:4-7

Altars:
Cheibriados
Gozag
Okawaru
Qazlal

Shops:
D:4 ?


Innate Abilities, Weirdness & Mutations

You are too large for most types of armour.
You have claws for hands.
Your metabolism is lightning-fast.
You like to eat raw meat.
You heal very quickly.
You are covered in fur (AC +1).
You have very tough skin (AC +2).
You are resistant to hostile enchantments.
Your system is resistant to poisons.
You evolve.


Message History

The quokka completely misses you.
The crimson imp blinks!
You closely miss the ogre.
The ogre is severely wounded.
The quokka completely misses you. The ogre closely misses you.
The quokka barely misses you.
You hit the ogre.
The ogre is severely wounded.
The ogre barely misses you. The quokka bites you.
* * * LOW HITPOINT WARNING * * *
You barely miss the ogre.
The ogre is severely wounded.
The crimson imp blinks!
The quokka bites you.
* * * LOW HITPOINT WARNING * * *
The ogre hits you with a giant club.
* * * LOW HITPOINT WARNING * * *
You sock the ogre!
The ogre is almost dead.
The quokka bites you but does no damage.
The ogre hits you with a giant club!!
You die...

..........##.....
.ยง...............(
.................
..............$
.............#
...........##.#
..............# .#
##.#.r..........
#... #...@O###>.....
....##...### #......
#...#...####.......
#.[....#..........
###.................
#.................
.##..............
#..............
#....###..........


You could see an ogre and a quokka.

Vanquished Creatures
  The ghost of Bolverk the Skirmisher, an amateur TrBe of Trog (D:5)
  A hippogriff (D:5)
  2 sky beasts
  An ice beast (D:4)
  An orc warrior (D:6)
  2 crimson imps (D:5)
  A giant frog skeleton (D:4)
  A quasit (D:5)
  An orc priest (D:4)
  2 hounds (D:4)
  5 worker ants
  A hound zombie (D:6)
  A worker ant zombie (D:6)
  6 adders
  3 gnolls (D:6)
  An ooze (D:3)
  An adder zombie (D:5)
  2 worms
  2 giant geckos
  8 orcs
  5 giant cockroaches
  5 hobgoblins
  14 jackals
  13 kobolds
  2 quokkas
  6 bats
  A giant gecko skeleton (D:6)
  A giant gecko zombie (D:6)
  A giant newt (D:2)
  7 goblins
  A jackal skeleton (D:6)
  11 rats
110 creatures vanquished.

Vanquished Creatures (others)
  An ice beast (D:6)
  A giant frog zombie (D:6)
  An adder (D:6)
  An orc (D:6)
4 creatures vanquished.

Grand Total: 114 creatures vanquished

Notes
Turn   | Place    | Note
--------------------------------------------------------------
     0 | D:1      | Bolverk the Troll Berserker began the quest for the Orb.
     0 | D:1      | Reached XP level 1. HP: 22/22 MP: 0/0
   131 | D:1      | Reached skill level 3 in Maces & Flails
   131 | D:1      | Reached XP level 2. HP: 23/29 MP: 1/1
   898 | D:2      | Found an iron altar of Okawaru.
   968 | D:2      | Reached ** piety under Trog
  1206 | D:2      | Reached XP level 3. HP: 21/36 MP: 2/2
  1344 | D:2      | Found an opulent altar of Gozag.
  2312 | D:3      | Reached XP level 4. HP: 26/44 MP: 3/3
  2863 | D:4      | Noticed an ice beast
  2873 | D:4      | Killed an ice beast
  2873 | D:4      | Reached skill level 4 in Maces & Flails
  2873 | D:4      | Reached XP level 5. HP: 11/53 MP: 4/4
  2949 | D:4      | Reached XP level 6. HP: 24/61 MP: 5/5
  3469 | D:4      | Found Ahiden's Magic Scroll Shop.
  3477 | D:4      | Bought a scroll of identify for 24 gold pieces
  3481 | D:4      | Bought a scroll of teleportation for 36 gold pieces
  3481 | D:4      | Bought a scroll of fog for 24 gold pieces
  3611 | D:4      | Found a snail-covered altar of Cheibriados.
  3623 | D:4      | Reached *** piety under Trog
  3726 | D:5      | Entered Level 5 of the Dungeon
  3925 | D:5      | Reached skill level 5 in Maces & Flails
  3931 | D:5      | Noticed a hippogriff
  3939 | D:5      | Reached XP level 7. HP: 52/67 MP: 6/6
  3944 | D:5      | Killed a hippogriff
  3945 | D:5      | Noticed Bolverk's ghost (amateur TrBe)
  3979 | D:5      | HP: 2/68 [Bolverk's ghost (14)]
  4071 | D:5      | Killed Bolverk's ghost
  4071 | D:5      | Reached skill level 5 in Dodging
  4378 | D:5      | Reached XP level 8. HP: 69/78 MP: 7/7
  4405 | D:5      | You fall through a shaft!
  4438 | D:6      | Reached skill level 1 in Throwing
  4442 | D:6      | Gained mutation: You evolve. [mutagenic meat]
  4443 | D:6      | Gained mutation: Your system is resistant to poisons. [mutagenic meat]
  4444 | D:6      | Gained mutation: You are clumsy. (Dex -2) [mutagenic meat]
  4447 | D:6      | Lost mutation: You are clumsy. (Dex -2) [mutagenic meat]
  4761 | D:6      | Reached skill level 6 in Maces & Flails
  4862 | D:6      | Found a stormy altar of Qazlal.
  5033 | D:6      | Gained mutation: You are resistant to hostile enchantments. [potion of beneficial mutation]
  5314 | D:7      | Slain by an ogre

Action                   |  1- 3 |  4- 6 |  7- 9 || total
-------------------------+-------+-------+-------++-------
Melee: Mace              |   135 |       |       ||   135
       Flail             |    33 |   144 |   179 ||   356
Throw: Stone             |     7 |     7 |       ||    14
       Tomahawk          |     4 |       |     5 ||     9
Invok: Berserk           |       |     3 |     1 ||     4
       Trog's Hand       |       |     2 |     3 ||     5
       Burn Spellbooks   |       |     1 |       ||     1
  Use: Scroll            |     6 |     4 |     2 ||    12
       Potion            |       |       |     5 ||     5
 Stab: Sleeping          |     1 |       |       ||     1
       Distracted        |       |     1 |       ||     1
  Eat: Chunk             |    23 |    14 |    20 ||    57
       Bread ration      |       |     1 |       ||     1
       Fruit             |       |     1 |       ||     1
       Meat ration       |       |       |     1 ||     1
